BSA
HENDERSONVILLE HITMEN @ SO CAL HENVY
05/08/2026
 
TOP OF THE 1ST
Hendersonville Hitmen batting - Pitching for So Cal Henvy : LHP Stanley Inman
Pitching: LHP Stanley Inman
Batting: RHB Eduardo García 0-0: Called Strike
0-1: Ball
1-1: Called Strike
1-2: Foul Ball, location: 2F
1-2: SINGLE (Flyball, 9LS)
Batting: LHB Lorenzo Quintanilla 0-0: Called Strike
0-1: Ball
1-1: Ball
2-1: Swinging Strike
2-2: Foul Ball, location: 2F
2-2: Fly out, F7 (Line Drive, 7S)
Batting: RHB Manolo Román 0-0: Called Strike
0-1: Ball
1-1: Foul Ball, location: 2F
1-2: Strikes out swinging
Batting: LHB Tony Abete 0-0: Ball
1-0: Ball
2-0: Called Strike
2-1: Foul Ball, location: 2F
2-2: SINGLE (Line Drive, 6D)
Eduardo García to second
Batting: RHB Robert Buckley 0-0: Called Strike
0-1: Foul Ball, location: 2F
0-2: Ball
1-2: Foul Ball, location: 2F
1-2: Ball
2-2: Strikes out looking
Top of the 1st over - 0 run(s), 2 hit(s), 0 error(s), 2 left on base; Hendersonville 0 - So Cal 0
BOTTOM OF THE 1ST
So Cal Henvy batting - Pitching for Hendersonville Hitmen : LHP Francisco Moreno
Pitching: LHP Francisco Moreno
Batting: SHB Miguel González 0-0: Called Strike
0-1: Called Strike
0-2: DOUBLE (Line Drive, 7LM)
Batting: RHB Earl Wiggins 0-0: Foul Ball, location: 2F
0-1: Ball
Wild Pitch!
Miguel González to third
1-1: Ground out 6-3 (Groundball, 6)
Miguel González scores
Batting: LHB John Peterson 0-0: Ball
1-0: Called Strike
1-1: Ball
2-1: Foul Ball, location: 2F
2-2: Foul Ball, location: 2F
2-2: SINGLE (Line Drive, 4D)
Batting: RHB Rubén Calderón 0-0: Ball
1-0: Ball
2-0: Called Strike
2-1: Called Strike
2-2: Ball
3-2: Foul Ball, location: 2F
3-2: SINGLE (Flyball, 7S)
John Peterson to second
John Peterson to third
Batting: LHB José Antonio Santiago 0-0: Ball
Wild Pitch!
John Peterson scores
Rubén Calderón to second
1-0: SINGLE (Line Drive, 9LS)
Rubén Calderón to third
Batting: RHB Morgan Gibbon 0-0: Ball
1-0: Ground out 5-3 (Groundball, 5S)
Rubén Calderón scores
José Antonio Santiago to second
Batting: RHB Edouard Padovano 0-0: Ground out 6-3 (Groundball, 6)
Bottom of the 1st over - 3 run(s), 4 hit(s), 0 error(s), 1 left on base; Hendersonville 0 - So Cal 3
TOP OF THE 2ND
Hendersonville Hitmen batting - Pitching for So Cal Henvy : LHP Stanley Inman
Batting: RHB Felipe Rivera 0-0: Foul Ball, location: 2F
0-1: Called Strike
0-2: Fly out, F3 (Line Drive, 34)
Batting: RHB Junior Vargas 0-0: Called Strike
0-1: Ground out 3-1 (Groundball, 34)
Batting: RHB Taylor McFarland 0-0: Ball
1-0: Fly out, F4 (Popup, 4MD)
Top of the 2nd over - 0 run(s), 0 hit(s), 0 error(s), 0 left on base; Hendersonville 0 - So Cal 3
BOTTOM OF THE 2ND
So Cal Henvy batting - Pitching for Hendersonville Hitmen : LHP Francisco Moreno
Batting: RHB Greg Handrahan 0-0: Fly out, F5 (Popup, 5F)
Batting: RHB Gregg Nelson 0-0: Ball
1-0: Ball
2-0: Ground out 5-3 (Groundball, 5)
Batting: SHB Miguel González 0-0: Ball
1-0: Swinging Strike
1-1: Fly out, F8 (Flyball, 8RXD)
Bottom of the 2nd over - 0 run(s), 0 hit(s), 0 error(s), 0 left on base; Hendersonville 0 - So Cal 3
TOP OF THE 3RD
Hendersonville Hitmen batting - Pitching for So Cal Henvy : LHP Stanley Inman
Batting: RHB Robert Bly 0-0: Ball
1-0: Called Strike
1-1: Ball
2-1: Swinging Strike
2-2: Strikes out swinging
Batting: RHB Eduardo García 0-0: Ball
1-0: Ball
2-0: Ground out 6-3 (Groundball, 6M)
Batting: LHB Lorenzo Quintanilla 0-0: Called Strike
0-1: Called Strike
0-2: Ball
1-2: Ball
2-2: Strikes out looking
Top of the 3rd over - 0 run(s), 0 hit(s), 0 error(s), 0 left on base; Hendersonville 0 - So Cal 3
BOTTOM OF THE 3RD
So Cal Henvy batting - Pitching for Hendersonville Hitmen : LHP Francisco Moreno
Batting: RHB Earl Wiggins 0-0: DOUBLE (Flyball, 78XD)
Batting: LHB John Peterson 0-0: Called Strike
0-1: SINGLE (Line Drive, 4M)
Earl Wiggins to third
Batting: RHB Rubén Calderón 0-0: Called Strike
0-1: Ball
1-1: Foul Ball, location: 2F
1-2: Ball
2-2: SINGLE (Line Drive, 8LS)
Earl Wiggins scores
John Peterson to second
Batting: LHB José Antonio Santiago 0-0: Ball
1-0: Foul Ball, location: 2F
1-1: Ball
2-1: Foul Ball, location: 2F
2-2: SINGLE (Line Drive, 4M)
John Peterson to third
Rubén Calderón to second
Runner from 3rd tries for Home, SAFE, throw made home
Rubén Calderón to third
José Antonio Santiago to second
Batting: RHB Morgan Gibbon 0-0: Called Strike
0-1: Ball
1-1: Fly out, F4 (Line Drive, 4)
Batting: RHB Edouard Padovano 0-0: Ball
1-0: Ball
2-0: Foul Ball, location: 2F
2-1: Ball
3-1: Base on Balls
Batting: RHB Greg Handrahan 0-0: Grounds into double play, 6-4-3 (Groundball, 6)
Bottom of the 3rd over - 2 run(s), 4 hit(s), 0 error(s), 2 left on base; Hendersonville 0 - So Cal 5
TOP OF THE 4TH
Hendersonville Hitmen batting - Pitching for So Cal Henvy : LHP Stanley Inman
Batting: RHB Manolo Román 0-0: Called Strike
0-1: Ground out 6-3 (Groundball, 6M)
Batting: LHB Tony Abete 0-0: Called Strike
0-1: Ball
1-1: Foul Ball, location: 2F
1-2: Strikes out swinging
Batting: RHB Robert Buckley 0-0: Ball
1-0: Swinging Strike
1-1: Foul Ball, location: 2F
1-2: Strikes out swinging
Top of the 4th over - 0 run(s), 0 hit(s), 0 error(s), 0 left on base; Hendersonville 0 - So Cal 5
BOTTOM OF THE 4TH
So Cal Henvy batting - Pitching for Hendersonville Hitmen : LHP Francisco Moreno
Batting: RHB Gregg Nelson 0-0: Ball
1-0: Ball
2-0: Called Strike
2-1: Foul Ball, location: 2F
2-2: Ball
3-2: Strikes out swinging
Batting: SHB Miguel González 0-0: Ball
1-0: Foul Ball, location: 2F
1-1: TRIPLE (Flyball, 8RXD)
Batting: RHB Earl Wiggins 0-0: Fly out, F7 (Flyball, 7D)
Runner from 3rd tags up, SCORES, no throw
Batting: LHB John Peterson 0-0: Swinging Strike
0-1: Ball
1-1: Ball
2-1: Foul Ball, location: 2F
2-2: SINGLE (Groundball, 25) (infield hit)
Batting: RHB Rubén Calderón 0-0: Ball
Passed Ball!
John Peterson to second
1-0: Ball
2-0: Called Strike
2-1: Foul Ball, location: 2F
2-2: Ball
3-2: Foul Ball, location: 2F
3-2: Ground out 6-3 (Groundball, 6M)
Bottom of the 4th over - 1 run(s), 2 hit(s), 0 error(s), 1 left on base; Hendersonville 0 - So Cal 6
TOP OF THE 5TH
Hendersonville Hitmen batting - Pitching for So Cal Henvy : LHP Stanley Inman
Batting: RHB Felipe Rivera 0-0: Swinging Strike
0-1: Called Strike
0-2: Ball
1-2: Fly out, F9 (Flyball, 89XD)
Batting: RHB Junior Vargas 0-0: Called Strike
0-1: SINGLE (Flyball, 89S)
Batting: RHB Taylor McFarland 0-0: Fielders Choice at 2nd, 1-4 (Groundball, 13S)
Batting: RHB Robert Bly 0-0: Called Strike
0-1: Ball
1-1: Swinging Strike
1-2: Foul Ball, location: 2F
1-2: Ball
2-2: Ball
3-2: Foul Ball, location: 2F
3-2: Base on Balls
Taylor McFarland to second
Batting: RHB Eduardo García 0-0: Called Strike
0-1: Called Strike
0-2: Ball
1-2: SINGLE (Groundball, 6MD)
Taylor McFarland to third
Robert Bly to second
Runner from 3rd tries for Home, SAFE, no throw or cutoff
Batting: LHB Lorenzo Quintanilla 0-0: Ball
1-0: Swinging Strike
1-1: Fly out, F5 (Popup, 5F)
Top of the 5th over - 1 run(s), 2 hit(s), 0 error(s), 2 left on base; Hendersonville 1 - So Cal 6
BOTTOM OF THE 5TH
So Cal Henvy batting - Pitching for Hendersonville Hitmen : LHP Francisco Moreno
Batting: LHB José Antonio Santiago 0-0: Foul Ball, location: 2F
0-1: Ball
1-1: SINGLE (Line Drive, 9LM)
Batting: RHB Morgan Gibbon 0-0: Grounds into double play, 6-4-3 (Groundball, 6M)
Batting: RHB Edouard Padovano 0-0: Ball
1-0: Ground out 6-3 (Groundball, 6)
Bottom of the 5th over - 0 run(s), 1 hit(s), 0 error(s), 0 left on base; Hendersonville 1 - So Cal 6
TOP OF THE 6TH
Hendersonville Hitmen batting - Pitching for So Cal Henvy : LHP Stanley Inman
Batting: RHB Manolo Román 0-0: Foul Ball, location: 2F
0-1: Ball
1-1: Ball
2-1: Ground out 6-3 (Groundball, 6)
Batting: LHB Tony Abete 0-0: Foul Ball, location: 2F
0-1: Foul Ball, location: 2F
0-2: Ball
1-2: Ball
2-2: Strikes out swinging
Batting: RHB Robert Buckley 0-0: Ball
1-0: Called Strike
1-1: Ball
2-1: Ball
3-1: Called Strike
3-2: Strikes out looking
Top of the 6th over - 0 run(s), 0 hit(s), 0 error(s), 0 left on base; Hendersonville 1 - So Cal 6
BOTTOM OF THE 6TH
So Cal Henvy batting - Pitching for Hendersonville Hitmen : LHP Francisco Moreno
Batting: RHB Greg Handrahan 0-0: Ball
1-0: Ground out 4-3 (Groundball, 4)
Batting: RHB Gregg Nelson 0-0: Ball
1-0: Ground out 5-3 (Groundball, 5F)
Batting: SHB Miguel González 0-0: Called Strike
0-1: Foul Ball, location: 2F
0-2: Ground out 6-3 (Groundball, 6)
Bottom of the 6th over - 0 run(s), 0 hit(s), 0 error(s), 0 left on base; Hendersonville 1 - So Cal 6
TOP OF THE 7TH
Hendersonville Hitmen batting - Pitching for So Cal Henvy : LHP Stanley Inman
Batting: RHB Felipe Rivera 0-0: Called Strike
0-1: Ball
1-1: Ball
2-1: DOUBLE (Line Drive, 9LM)
Batting: RHB Junior Vargas 0-0: Called Strike
0-1: Called Strike
0-2: Foul Ball, location: 2F
0-2: Ball
1-2: Ball
2-2: Ball
3-2: Ground out 4-3 (Groundball, 4M)
Felipe Rivera to third
Batting: RHB Taylor McFarland 0-0: Called Strike
0-1: SINGLE (Line Drive, 4)
Felipe Rivera scores
Pitching: LHP Tomás Fajardo
Batting: RHB Robert Bly 0-0: Ball
1-0: Called Strike
1-1: Swinging Strike
1-2: Ball
2-2: Foul Ball, location: 2F
2-2: Ball
3-2: Strikes out swinging
Taylor McFarland steals 2nd base
Batter strikes out.
Batting: RHB Eduardo García 0-0: Ball
1-0: Foul Ball, location: 2F
1-1: Ball
2-1: DOUBLE (Line Drive, 8RD)
Taylor McFarland scores
Batting: LHB Lorenzo Quintanilla 0-0: Ball
1-0: Ball
2-0: Foul Ball, location: 2F
2-1: Swinging Strike
2-2: Strikes out swinging
Top of the 7th over - 2 run(s), 3 hit(s), 0 error(s), 1 left on base; Hendersonville 3 - So Cal 6
BOTTOM OF THE 7TH
So Cal Henvy batting - Pitching for Hendersonville Hitmen : LHP Francisco Moreno
Batting: RHB Earl Wiggins 0-0: Ball
1-0: Fly out, F6 (Line Drive, 6)
Batting: LHB John Peterson 0-0: Ball
1-0: Called Strike
1-1: TRIPLE (Line Drive, 9LD)
Batting: RHB Rubén Calderón 0-0: Intentional Walk
Pitching: LHP Alfonso Ramos
Batting: LHB José Antonio Santiago 0-0: Called Strike
0-1: Swinging Strike
0-2: Foul Ball, location: 2F
0-2: Ball
1-2: Strikes out swinging
Batting: RHB Morgan Gibbon 0-0: Called Strike
0-1: Foul Ball, location: 2F
0-2: Foul Ball, location: 2F
0-2: Fly out, F9 (Flyball, 9M)
Bottom of the 7th over - 0 run(s), 1 hit(s), 0 error(s), 2 left on base; Hendersonville 3 - So Cal 6
TOP OF THE 8TH
Hendersonville Hitmen batting - Pitching for So Cal Henvy : LHP Tomás Fajardo
Batting: RHB Manolo Román 0-0: Ground out 5-3 (Groundball, 5)
Batting: LHB Tony Abete 0-0: Ball
1-0: Swinging Strike
1-1: Called Strike
1-2: Strikes out swinging
Batting: RHB Robert Buckley 0-0: Called Strike
0-1: Ball
1-1: Ball
2-1: Swinging Strike
2-2: SINGLE (Groundball, 56D)
Pitching: RHP Jerry Good
Batting: RHB Felipe Rivera 0-0: Ball
1-0: Foul Ball, location: 2F
1-1: Ball
2-1: Swinging Strike
2-2: Ground out 4-3 (Groundball, 34)
Top of the 8th over - 0 run(s), 1 hit(s), 0 error(s), 1 left on base; Hendersonville 3 - So Cal 6
BOTTOM OF THE 8TH
So Cal Henvy batting - Pitching for Hendersonville Hitmen : LHP Alfonso Ramos
Batting: RHB Edouard Padovano 0-0: Ball
1-0: Called Strike
1-1: Ball
2-1: Foul Ball, location: 2F
2-2: Strikes out looking
Batting: RHB Greg Handrahan 0-0: Ball
1-0: Foul Ball, location: 2F
1-1: Foul Ball, location: 2F
1-2: Ball
2-2: Foul Ball, location: 2F
2-2: Ball
3-2: Foul Ball, location: 2F
3-2: Foul Ball, location: 2F
3-2: DOUBLE (Line Drive, 89M)
Pitching: RHP Robinson Gonzáles
Batting: RHB Gregg Nelson 0-0: Ball
1-0: Ball
2-0: Ground out 5-3 (Groundball, 56)
Batting: SHB Miguel González 0-0: Called Strike
0-1: Called Strike
0-2: Ball
1-2: Foul Ball, location: 2F
1-2: Foul Ball, location: 2F
1-2: Ball
2-2: Foul Ball, location: 2F
2-2: Ball
3-2: Foul Ball, location: 2F
3-2: Ground out U3 (Groundball, 3L)
Bottom of the 8th over - 0 run(s), 1 hit(s), 0 error(s), 1 left on base; Hendersonville 3 - So Cal 6
TOP OF THE 9TH
Hendersonville Hitmen batting - Pitching for So Cal Henvy : RHP Jerry Good
Pitching: RHP Juan Flores
Batting: RHB Junior Vargas 0-0: Swinging Strike
0-1: Reached on error, E1 (Groundball, 15S)
Batting: RHB Taylor McFarland 0-0: Ball
1-0: Called Strike
1-1: Called Strike
1-2: Ball
2-2: Fly out, F4 (Line Drive, 4)
Batting: RHB Robert Bly 0-0: Ball
1-0: Called Strike
1-1: Ball
Wild Pitch!
Junior Vargas to second
2-1: Ball
3-1: Fly out, F7 (Line Drive, 78S)
Batting: RHB Eduardo García 0-0: Called Strike
0-1: Foul Ball, location: 2F
0-2: Strikes out swinging
Top of the 9th over - 0 run(s), 0 hit(s), 1 error(s), 1 left on base; Hendersonville 3 - So Cal 6
Monday, December 5th, 2016 - OOTP Baseball 17.12 Build 75